 Dungeon Crawl Stone Soup version 0.30.1-4-g462c640d31 (webtiles) character file.

Game seed: 6146792781996033824

4736 rvierbuc the Destroyer (level 10, -1/78 HPs)
             Began as a Demigod Conjurer on Aug 20, 2023.
             Shot with an arrow by a centaur (4 damage)
             ... on level 9 of the Dungeon.
             The game lasted 00:45:51 (10226 turns).

rvierbuc the Destroyer (Demigod Conjurer)          Turns: 10226, Time: 00:45:51

Health: -1/78      AC:  8    Str: 14    XL:     10   Next: 2%
Magic:  9/24       EV: 13    Int: 32    God:
Gold:   509        SH:  0    Dex: 12    Spells: 15/22 levels left

rFire   + . .        Q - +2 halberd (protect)
rCold   . . .        (shield currently unavailable)
rNeg    . . .        z - +0 leather armour {rF+}
rPois   .            r - +1 hat
rElec   .            G - +0 cloak
rCorr   .            (no gloves)
SInv    .            N - +1 pair of boots
Will    +....        (no amulet)
Stlth   ++           h - ring of wizardry
HPRegen 0.33/turn    K - +6 ring of strength
MPRegen 0.19/turn

%: wizardry (x1)
@: no status effects
A: high MP 1, forlorn, divine attributes
a: no special abilities


You were on level 9 of the Dungeon.
You visited 2 branches of the dungeon, and saw 10 of its levels.

You collected 509 gold pieces.

Inventory:

Hand Weapons
 d - a +4 scimitar
 H - the +6 sling "Qeff" {elec, *Corrode rC+ Int+3}
   (You found it on level 5 of the Dungeon)

   Int:       It affects your intelligence (+3).
   rC:        It protects you from cold.
   *Corrode:  It may corrode you when you take damage.
 P - a +0 vampiric scimitar
 Q - a +2 halberd of protection (weapon)
 U - a +3 flail
 Y - a +1 heavy hammer
 Z - a +3 quarterstaff of chaos
Missiles
 o - 5 poisoned darts
 E - 2 throwing nets
 L - 6 curare-tipped darts
Armour
 a - a +0 robe
 r - a +1 hat (worn)
 w - a +0 tower shield
 z - a +0 leather armour of fire resistance (worn)
 G - a +0 cloak (worn)
 N - a +1 pair of boots (worn)
Jewellery
 h - a ring of wizardry (left hand)
 u - a ring of positive energy
 K - a +6 ring of strength (right hand)
 M - a +4 ring of protection
 O - a +6 ring of strength
Wands
 m - a wand of roots (23)
 F - a wand of quicksilver (9)
 J - a wand of charming (12)
 W - a wand of flame (2)
 X - a wand of mindburst (13)
Scrolls
 g - 2 scrolls of vulnerability {unknown}
 l - a scroll of summoning {unknown}
 q - 4 scrolls of teleportation {unknown}
 s - a scroll of immolation {unknown}
 y - 4 scrolls of identify {unknown}
 C - a scroll of amnesia {unknown}
 D - 2 scrolls of enchant weapon {unknown}
 I - a scroll of brand weapon {unknown}
Potions
 b - a potion of magic
 c - 2 potions of berserk rage
 e - 2 potions of might {unknown}
 f - 3 potions of degeneration {unknown}
 i - 2 potions of heal wounds {unknown}
 j - 4 potions of haste {unknown}
 k - 3 potions of mutation {unknown}
 n - 2 potions of ambrosia {unknown}
 p - 7 potions of curing {unknown}
 t - 3 potions of flight {unknown}
 v - a potion of resistance {unknown}
 x - 2 potions of brilliance {unknown}
 B - 3 potions of attraction {unknown}
 S - a potion of invisibility {unknown}
 V - a potion of lignification {unknown}


   Skills:
 + Level 3.7 Fighting
 - Level 0.4 Short Blades
 + Level 2.1 Polearms
 - Level 0.7 Ranged Weapons
 + Level 5.3 Armour
 + Level 4.6 Dodging
 + Level 4.0 Stealth
 + Level 0.4 Shields
 + Level 6.8 Spellcasting
 + Level 8.2 Conjurations


You had 15 spell levels left.
You knew the following spells:

 Your Spells              Type           Power      Damage    Failure   Level
a - Magic Dart            Conj           100%       1d8       1%          1
b - Searing Ray           Conj           100%       2d8       1%          2
c - Fulminant Prism       Conj/Hex       18%        3d10      4%          4

Your spell library contained the following spells:

 Spells                   Type           Power      Damage    Failure   Level
 Dazzling Flash           Conj/Hex       74%        N/A       1%          3
 Iskenderun's Mystic Bla  Conj/Tloc      37%        2d9       4%          4
 Gell's Gravitas          Tloc           10%        N/A       6%          3
 Teleport Other           Tloc           10%        N/A       6%          3
 Dispersal                Tloc           5%         N/A       95%         6


Dungeon Overview and Level Annotations

Branches:
Dungeon (9/15)             Temple (1/1) D:7
   Lair: D:8-11         Orc: D:9-12

Shops:
D:6 :


Innate Abilities, Weirdness & Mutations

You have an increased reservoir of magic. (+10% MP)
You shall have no god before yourself.
Your divine heritage dramatically boosts your attributes as you level up.


Message History

The centaur is severely wounded.
The troll bites you. The troll barely misses you. The troll claws you.
The searing ray hits the troll!
You kill the troll!
The searing ray hits the centaur!
The centaur is almost dead.
You finish channelling your searing ray.
The centaur wields a +0 shortbow.
The centaur shoots an arrow.
The arrow hits you.
* * * LOW HITPOINT WARNING * * *
The centaur wields a +0 shortbow.
The centaur shoots an arrow.
The arrow barely misses you.
The centaur shoots an arrow.
The arrow misses you.
You have reached level 10!
Casting: Searing Ray (safe; 1% risk of failure)
Confirm with . or Enter, or press ? or * to list all spells.
Aiming: Searing Ray (safe; 1% risk of failure)
Press: ? - help, Shift-Dir - straight line, f - centaur
Aim: a centaur, wielding a +0 shortbow (almost dead, 90% to hit)
The searing ray hits the centaur.
You kill the centaur! (Press . to maintain the ray.)
The centaur shoots an arrow.
The arrow hits you.
* * * LOW HITPOINT WARNING * * *
The centaur shoots an arrow.
The arrow closely misses you.
Casting: Searing Ray (safe; 1% risk of failure)
Confirm with . or Enter, or press ? or * to list all spells.
Restarting spell: Searing Ray (safe; 1% risk of failure)
Press: ? - help, Shift-Dir - straight line, f - centaur
Aim: a centaur, wielding a +0 shortbow (90% to hit)
The searing ray hits the centaur.
The centaur is moderately wounded. (Press . to maintain the ray.)
The centaur shoots an arrow.
The arrow hits you!
* * * LOW HITPOINT WARNING * * *
The searing ray hits the centaur!
The centaur is severely wounded.
The centaur shoots an arrow.
The arrow hits you.
* * * LOW HITPOINT WARNING * * *
The centaur shoots an arrow.
The arrow hits you.
You die...

#### ## ### ##
#.. ... ..# ..
#.# #.# #.#
#.###.# #.## #.#
#).@..# #..# #.#
#c###.#
#..###.### ..
#.#####.......†.
#.
#.........##.###
#.
#####........# #
###.###### # #.#
# #.# # #+# #


You could see a centaur.

Vanquished Creatures
  A kobold demonologist (D:8)
  A troll (D:9)
  A wyvern (D:8)
  5 yaks (D:9)
  A wraith (D:8)
  Eustachio (D:4)
  A steam dragon (D:7)
  Duvessa (D:7)
  2 orc warriors
  An ice beast (D:5)
  An ogre (D:7)
  4 centaurs
  3 kobold brigands
  Blork the orc (D:4)
  A bullfrog (D:6)
  A scorpion (D:7)
  Dowan (D:7)
  12 wights
  5 killer bees (D:7)
  2 howler monkeys
  Crazy Yiuf (D:7)
  A gnoll bouda (D:7)
  4 orc priests
  3 hounds
  A sleepcap (D:5)
  2 iguanas (D:4)
  Natasha (thrice) (D:2)
  6 orc wizards
  Robin (D:4)
  7 gnolls (D:7)
  8 adders
  A shadow imp (D:6)
  2 white imps (D:7)
  3 dart slugs
  24 orcs
  A bat (D:3)
  4 endoplasms
  4 giant cockroaches
  15 goblins
  8 hobgoblins
  2 jackals (D:4)
  3 quokkas
  4 ball pythons (D:1)
  A frilled lizard (D:2)
  11 kobolds
  4 rats
170 creatures vanquished.

Notes
Turn   | Place    | Note
-------+----------+-------------------------------------------
     0 | D:1      | rvierbuc the Demigod Conjurer began the quest for the Orb.
     0 | D:1      | Reached XP level 1. HP: 14/14 MP: 5/5
   251 | D:1      | Reached skill level 4 in Conjurations
   430 | D:1      | Reached XP level 2. HP: 20/20 MP: 5/7
   615 | D:1      | Learned a level 2 spell: Searing Ray
  1334 | D:2      | Noticed Natasha
  1339 | D:2      | Killed Natasha
  1340 | D:2      | Reached XP level 3. HP: 16/26 MP: 1/8
  1360 | D:2      | Noticed Natasha
  1444 | D:2      | Killed Natasha
  1452 | D:2      | Noticed Natasha
  1456 | D:2      | Killed Natasha
  1457 | D:2      | Reached skill level 5 in Conjurations
  1457 | D:2      | Reached XP level 4. HP: 9/33 MP: 0/9
  2373 | D:2      | Learned a level 4 spell: Fulminant Prism
  3179 | D:4      | Reached XP level 5. HP: 38/38 MP: 4/11
  3292 | D:4      | Noticed Robin
  3300 | D:4      | Killed Robin
  3467 | D:4      | Noticed Eustachio
  3474 | D:4      | Killed Eustachio
  3475 | D:4      | Reached XP level 6. HP: 45/45 MP: 4/14
  3913 | D:4      | Noticed Blork the orc
  3920 | D:4      | Killed Blork the orc
  3921 | D:4      | Reached skill level 6 in Conjurations
  4182 | D:4      | Reached skill level 1 in Armour
  4298 | D:5      | Entered Level 5 of the Dungeon
  4362 | D:5      | Reached XP level 7. HP: 51/51 MP: 2/16
  4378 | D:5      | Identified the +6 sling "Qeff" {elec, *Corrode rC+ Int+3}
  5011 | D:6      | Found Wiqaubue's Book Emporium.
  5054 | D:6      | Reached skill level 1 in Fighting
  5629 | D:6      | Reached XP level 8. HP: 24/58 MP: 7/18
  6676 | D:6      | Noticed an Executioner
  6834 | D:7      | Reached skill level 5 in Spellcasting
  6949 | D:7      | Found a staircase to the Ecumenical Temple.
  6956 | Temple   | Entered the Ecumenical Temple
  7739 | D:7      | Reached skill level 7 in Conjurations
  8001 | D:7      | Reached XP level 9. HP: 24/68 MP: 0/21
  8308 | D:7      | Noticed Duvessa
  8310 | D:7      | Noticed Dowan
  8316 | D:7      | Killed Duvessa
  8322 | D:7      | Killed Dowan
  8456 | D:7      | Found a runed translucent door.
  8457 | D:7      | Noticed Crazy Yiuf
  8464 | D:7      | Killed Crazy Yiuf
  8823 | D:8      | Reached skill level 1 in Polearms
  9756 | D:8      | Reached skill level 5 in Armour
  9944 | D:9      | Noticed a kobold demonologist
  9961 | D:8      | Killed a kobold demonologist
 10127 | D:9      | Reached skill level 8 in Conjurations
 10224 | D:9      | Reached XP level 10. HP: 21/78 MP: 13/24
 10226 | D:9      | HP: 3/78 [centaur/arrow (5)]
 10226 | D:9      | Shot with an arrow by a centaur

Illustrated notes

Levels and vault maps discovered:
D:1:      amcnicky_arrival_flooded_fountain, layout_basic
D:2:      layout_basic, lightli_corner_chamber, uniq_natasha
D:3:      layout_loops_ring
D:4:      layout_loops_cross, serial_park_tiny_2, uniq_eustachio, uniq_robin,
          uniq_blork_the_orc
D:5:      layout_rooms, chequers_arboretum
D:6:      layout_loops_ring, mainiacjoe_overflow_catwalk,
          makhleb_altar_promises_db, nicolae_uskayaw_dance_studio, serial_shops,
          shop, nicolae_benzene_ring, minmay_microvault
D:7:      layout_cave_pods, minmay_temple_entry_fiery, uniq_duvessa,
          uniq_crazy_yiuf_cottage
D:8:      layout_basic, minitemple, gammafunk_temple_overflow_pools
D:9:      layout_loops_corners, nicolae_vehumet_altar_sigil,
          lemuel_crystal_altar
Temple:   minmay_temple_forest_path

Skill      XL: |  1  2  3  4  5  6  7  8  9 |
---------------+----------------------------+-----
Conjurations   | 4 5 6 7 8 |  8.2
Stealth        | 2 3 4 |  4.0
Spellcasting   | 2 3 4 5 6 |  6.8
Dodging        | 2 3 4 |  4.6
Armour         | 1 3 4 5 |  5.3
Fighting       | 1 2 3 |  3.7
Polearms       | 2 |  2.1
Short Blades   | |  0.4
Ranged Weapons | |  0.7
Shields        | |  0.4

Action                     |  1- 3 |  4- 6 |  7- 9 | 10-12 || total
---------------------------+-------+-------+-------+-------++-------
  Melee: Unarmed           |    12 |     4 |       |       ||    16
         Dagger            |       |    12 |       |       ||    12
         Punch             |       |     1 |       |       ||     1
         Halberd           |       |       |    15 |       ||    15
         Falchion          |       |       |     2 |       ||     2
   Fire: Sling             |       |       |    10 |       ||    10
   Cast: Magic Dart        |    45 |    70 |    48 |       ||   163
         Searing Ray       |     3 |    15 |    66 |     2 ||    86
    Use: Potion            |     1 |     1 |       |       ||     2
 Armour: Robe              |     8 |     5 |       |       ||    13
         Leather armour    |       |     6 |    48 |       ||    54
  Dodge: Dodged            |    12 |    23 |   100 |     1 ||   136
  Block: Tower shield      |       |     3 |       |       ||     3
